 Dungeon Crawl Stone Soup version 0.21-a0-633-g4c047d5 (webtiles) character file.

180 tilp the Ducker (level 5, 0/47 HPs)
             Began as a Gnoll Monk on Dec 28, 2017.
             Slain by a river rat (4 damage)
             ... in a sewer.
             The game lasted 00:05:04 (2221 turns).

tilp the Ducker (Gnoll Monk)                        Turns: 2221, Time: 00:05:05

Health: 0/47       AC:  6    Str: 13    XL:     5   Next: 60%
Magic:  7/7        EV: 13    Int: 13    God:
Gold:   110        SH:  0    Dex: 18    Spells: 7/7 levels left

rFire    . . .     SeeInvis .   a - +0 mace
rCold    . . .     Gourm    .   (no shield)
rNeg     . . .     Faith    .   b - +0 scale mail
rPois    .         Spirit   .   (no helmet)
rElec    .         Reflect  .   (no cloak)
rCorr    .         Harm     .   (no gloves)
MR       .....                  (no boots)
Stlth    ++........             (no amulet)
HPRegen  0.15/turn              (no ring)
MPRegen  0.10/turn              (no ring)

@: invisible
A: distributed training, fangs 1, strong nose
a: no special abilities


You were in a sewer.
You were not hungry.

You visited 1 branch of the dungeon, and saw 3 of its levels.
You also visited: Sewer.

You collected 110 gold pieces.

Inventory:

Hand Weapons
 a - a +0 mace (weapon)
Missiles
 e - 44 sling bullets
 g - 15 stones (quivered)
 j - 17 arrows
Armour
 b - a +0 scale mail (worn)
Jewellery
 n - a cursed -3 ring of evasion {unknown}
Scrolls
 d - 2 scrolls of teleportation
 k - 2 scrolls of identify
 m - a scroll of remove curse {unknown}
Potions
 f - a potion of resistance
Books
 i - a book of Changes

   Spells                             Type                      Level
   a - Beastly Appendage              Transmutation                1
   b - Sticks to Snakes               Transmutation                2
   c - Spider Form                    Transmutation/Poison         3
   d - Ice Form                       Ice/Transmutation            4
   e - Blade Hands                    Transmutation                5
Comestibles
 c - 5 rations
 h - 7 chunks of flesh


   Skills:
 + Level 6.7 Fighting
 + Level 1.5 Short Blades
 + Level 1.5 Long Blades
 + Level 1.5 Axes
 + Level 6.7 Maces & Flails
 + Level 1.5 Polearms
 + Level 1.5 Staves
 + Level 1.5 Slings
 + Level 1.5 Bows
 + Level 1.5 Crossbows
 + Level 1.5 Throwing
 + Level 1.5 Armour
 + Level 6.7 Dodging
 + Level 4.4 Stealth
 + Level 1.5 Shields
 + Level 1.5 Unarmed Combat
 + Level 1.5 Spellcasting
 + Level 1.2 Conjurations
 + Level 1.2 Hexes
 + Level 1.2 Charms
 + Level 1.2 Summonings
 + Level 1.2 Necromancy
 + Level 1.2 Translocations
 + Level 1.2 Transmutations
 + Level 1.2 Fire Magic
 + Level 1.2 Ice Magic
 + Level 1.2 Air Magic
 + Level 1.2 Earth Magic
 + Level 1.2 Poison Magic
 + Level 1.7 Invocations
 + Level 1.5 Evocations


You had 7 spell levels left.
You didn't know any spells.

Dungeon Overview and Level Annotations

Branches:
Dungeon (3/15)

Altars:


Innate Abilities, Weirdness & Mutations

Your experience applies equally to all skills.
You have very sharp teeth.
Your uncanny sense of smell can sniff out nearby items.


Message History

The river rat bites you.
* * * LOW HITPOINT WARNING * * *
You barely miss the river rat.
The river rat is heavily wounded.
The river rat bites you.
* * * LOW HITPOINT WARNING * * *
You hit the river rat but do no damage.
The river rat is heavily wounded.
The river rat bites you but does no damage.
You hit the river rat.
The river rat is almost dead.
The river rat closely misses you.
You hit the river rat but do no damage. Your bite misses the river rat.
The river rat is almost dead.
The river rat bites you.
* * * LOW HITPOINT WARNING * * *
It was a potion of invisibility.
You fade into invisibility!
The river rat bites you.
You die...

### ..#
#.# ##
#..###.#
##..r##
##.###@#
##≈#######
#∩≈.≈≈.≈..
#∩..≈.≈≈.≈
##########


You could see a river rat.

Vanquished Creatures
  Natasha (thrice) (D:2)
  5 adders
  A river rat (Sewer)
  A worm (D:3)
  A dart slug (D:2)
  2 ball pythons
  3 giant cockroaches
  7 goblins
  5 hobgoblins
  3 jackals (D:2)
  A quokka (D:2)
  5 bats
  2 frilled lizards
  5 kobolds
  5 rats
49 creatures vanquished.

Notes
Turn   | Place    | Note
-------+----------+-------------------------------------------
     0 | D:1      | tilp the Gnoll Monk began the quest for the Orb.
     0 | D:1      | Reached XP level 1. HP: 23/23 MP: 1/1
   334 | D:1      | Reached XP level 2. HP: 29/29 MP: 2/2
   743 | D:2      | Noticed Natasha
   748 | D:2      | Killed Natasha
   748 | D:2      | Reached skill level 1 in Invocations
   748 | D:2      | Reached XP level 3. HP: 9/35 MP: 2/4
  1065 | D:2      | Reached skill level 1 in Short Blades
  1065 | D:2      | Reached skill level 1 in Long Blades
  1065 | D:2      | Reached skill level 1 in Axes
  1065 | D:2      | Reached skill level 1 in Polearms
  1065 | D:2      | Reached skill level 1 in Staves
  1065 | D:2      | Reached skill level 1 in Slings
  1065 | D:2      | Reached skill level 1 in Bows
  1065 | D:2      | Reached skill level 1 in Crossbows
  1065 | D:2      | Reached skill level 1 in Throwing
  1065 | D:2      | Reached skill level 1 in Armour
  1065 | D:2      | Reached skill level 1 in Shields
  1065 | D:2      | Reached skill level 1 in Unarmed Combat
  1065 | D:2      | Reached skill level 1 in Spellcasting
  1065 | D:2      | Reached skill level 1 in Evocations
  1165 | D:2      | Reached XP level 4. HP: 39/41 MP: 5/5
  1217 | D:2      | Noticed Natasha
  1235 | D:2      | Killed Natasha
  1475 | D:2      | Reached skill level 1 in Conjurations
  1475 | D:2      | Reached skill level 1 in Hexes
  1475 | D:2      | Reached skill level 1 in Charms
  1475 | D:2      | Reached skill level 1 in Summonings
  1475 | D:2      | Reached skill level 1 in Necromancy
  1475 | D:2      | Reached skill level 1 in Translocations
  1475 | D:2      | Reached skill level 1 in Transmutations
  1475 | D:2      | Reached skill level 1 in Fire Magic
  1475 | D:2      | Reached skill level 1 in Ice Magic
  1475 | D:2      | Reached skill level 1 in Air Magic
  1475 | D:2      | Reached skill level 1 in Earth Magic
  1475 | D:2      | Reached skill level 1 in Poison Magic
  1536 | D:2      | Found a faded altar of an unknown god.
  1863 | D:2      | Reached XP level 5. HP: 46/47 MP: 6/6
  1942 | D:2      | Noticed Natasha
  1957 | D:2      | Killed Natasha
  2158 | D:3      | Found a glowing drain.
  2185 | Sewer    | Entered a sewer
  2221 | Sewer    | Slain by a river rat

Vault maps used:
D:1:      dpeg_arrival_short_road, hangedman_decor_clover_reticule
D:2:      first_ration, chequers_ecumenical_altar_island, uniq_natasha
D:3:      marbit_many_paths, cheibrodos_sewer_entry_bend, uniq_ijyb,
          uniq_grinder, uniq_crazy_yiuf_cottage
Sewer:    sewer_co_cracked_pipes

Skill      XL: |  1  2  3  4 |
---------------+-------------+-----
Invocations    | 1 |  1.7
Short Blades   | 1 |  1.5
Long Blades    | 1 |  1.5
Axes           | 1 |  1.5
Polearms       | 1 |  1.5
Staves         | 1 |  1.5
Slings         | 1 |  1.5
Bows           | 1 |  1.5
Crossbows      | 1 |  1.5
Throwing       | 1 |  1.5
Armour         | 1 |  1.5
Shields        | 1 |  1.5
Unarmed Combat | 1 |  1.5
Spellcasting   | 1 |  1.5
Evocations     | 1 |  1.5
Conjurations   | 1 |  1.2
Hexes          | 1 |  1.2
Charms         | 1 |  1.2
Summonings     | 1 |  1.2
Necromancy     | 1 |  1.2
Translocations | 1 |  1.2
Transmutations | 1 |  1.2
Fire Magic     | 1 |  1.2
Ice Magic      | 1 |  1.2
Air Magic      | 1 |  1.2
Earth Magic    | 1 |  1.2
Poison Magic   | 1 |  1.2
Fighting       | |  6.7
Maces & Flails | |  6.7
Dodging        | |  6.7
Stealth        | |  4.4

Action                   |  1- 3 |  4- 6 || total
-------------------------+-------+-------++-------
Melee: Mace              |    65 |   116 ||   181
       Bite              |     5 |    15 ||    20
  Use: Scroll            |       |     2 ||     2
       Potion            |       |     1 ||     1
 Stab: Sleeping          |     8 |     2 ||    10
  Eat: Chunk             |     1 |     3 ||     4
Armor: Robe              |     5 |       ||     5
       Scale mail        |     8 |    28 ||    36
Dodge: Dodged            |    34 |    66 ||   100

Table legend:
 A = Spawn XP
 B = Non-spawn XP
 C = Spawn XP percentage of total XP
 D = Spawn monster count
 E = Non-spawn monster count
 F = Spawn count percentage of total count
 G = Total turns spent on level
                    A         B        C        D         E        F      G
               +---------+---------+-------+---------+---------+-------+---------
         Total |       0 |     258 |   0.0 |       0 |      49 |   0.0 |  2221
               +---------+---------+-------+---------+---------+-------+---------
           D:1 |       0 |      20 |   0.0 |       0 |      14 |   0.0 |   711
           D:2 |       0 |     181 |   0.0 |       0 |      24 |   0.0 |  1274
           D:3 |       0 |      41 |   0.0 |       0 |       8 |   0.0 |   200
         Sewer |       0 |      16 |   0.0 |       0 |       3 |   0.0 |    36
               +---------+---------+-------+---------+---------+-------+---------
